 Dungeon Crawl Stone Soup version 0.28-a0-851-g8b9cc49 (webtiles) character file.

Game seed: 16455934912916884158

5 Meow the Bolt Thrower (level 1, 19/19 HPs)
             Began as a Naga Hunter on Nov 14, 2021.
             Quit the game on level 1 of the Dungeon.
             The game lasted 00:00:25 (224 turns).

Meow the Bolt Thrower (Naga Hunter)                  Turns: 224, Time: 00:00:26

Health: 19/19      AC:  1    Str: 14    XL:     1   Next: 80%
Magic:  1/1        EV:  9    Int: 11    God:
Gold:   0          SH:  0    Dex: 11    Spells: 0/0 levels left

rFire   . . .      SeeInvis +   a - +1 hand crossbow
rCold   . . .      Faith    .   (no shield)
rNeg    . . .      Spirit   .   c - +0 leather armour
rPois   +          Reflect  .   (no helmet)
rElec   .          Harm     .   (no cloak)
rCorr   .          Rampage  .   (no gloves)
Will    .....                   (no barding)
Stlth   +.........              (no amulet)
HPRegen 0.06/turn               (no ring)
MPRegen 0.07/turn               (no ring)

@: very slow
A: AC +0, large, see invisible, deformed body, poison resistance, slowness 2,
spit poison 1, naga tail 1
a: Spit Poison


You were on level 1 of the Dungeon.
You visited 1 branch of the dungeon, and saw 1 of its levels.

Inventory:

Hand Weapons
 a - a +1 hand crossbow (weapon)
 b - a +0 short sword
Missiles
 d - 18 bolts (quivered ammo)
Armour
 c - a +0 leather armour (worn)


   Skills:
 + Level 2.0 Fighting
 + Level 3.9 Crossbows
 + Level 1.5 Dodging
 + Level 1.5 Stealth


You couldn't memorise any spells.
You didn't know any spells.
Your spell library was empty.

Dungeon Overview and Level Annotations

Branches:
Dungeon (1/15)

Altars:


Innate Abilities, Weirdness & Mutations

Your serpentine skin is tough. (AC +0)
You have supernaturally acute eyesight. (SInv)
Armour fits poorly on your strangely shaped body.
Your system is resistant to poisons. (rPois)
You cover ground very slowly.
You can spit poison.
You have a snake-like lower body.


Message History

You kill the rat!
Unknown command.
d - 20 bolts (gained 1)
A goblin comes into view. It is wielding a +0 dagger.
The goblin shouts!
Fire: 20 bolts
Press: ? - help, Q - select action, (/) - cycle Shift-Dir - straight line, f - goblin
Aim: a goblin, wielding a +0 dagger (56% to hit)
You shoot a bolt. The bolt hits the goblin.
You kill the goblin!
Unknown command.
d - 20 bolts (gained 1)
You see here a +0 dagger.
You see here a +0 robe.
An endoplasm comes into view.
The endoplasm quivers.
Fire: 20 bolts
Press: ? - help, Q - select action, (/) - cycle Shift-Dir - straight line, f - endoplasm
Aim: an endoplasm (87% to hit)
You shoot a bolt.
The bolt completely misses the endoplasm.
Unknown command.
Fire: 19 bolts
Press: ? - help, Q - select action, (/) - cycle Shift-Dir - straight line, f/p - endoplasm
Aim: an endoplasm (87% to hit)
You shoot a bolt. The bolt hits the endoplasm!
You kill the endoplasm!
Unknown command.
Found a stone staircase leading down.
There is a stone staircase leading down here.
An endoplasm comes into view.
Fire: 18 bolts
Press: ? - help, Q - select action, (/) - cycle Shift-Dir - straight line, f - endoplasm
Aim: an endoplasm (asleep, 98% to hit)
You shoot a bolt. The bolt hits the endoplasm!
You kill the endoplasm!
Unknown command.
d - 18 bolts (gained 1)
Found a dagger.
Found a faded altar of an unknown god.
Are you sure you want to abandon this character and quit the game? (Confirm with "yes".)

#..## .. #....
.._ #...## ###..
#...#. ....
#...#.##..###.
#...#.........
#...##....####
#.#
#.....@....... ..
#..######..###
#.# #..........#
#.. ##.######.#
#.# #........
#####..##.#######
.................
#####..#.#######
##.#.#


There were no monsters in sight!

Vanquished Creatures
  2 endoplasms (D:1)
  A goblin (D:1)
  A frilled lizard (D:1)
  A rat (D:1)
5 creatures vanquished.

Notes
Turn   | Place    | Note
-------+----------+-------------------------------------------
     0 | D:1      | Meow the Naga Hunter began the quest for the Orb.
     0 | D:1      | Reached XP level 1. HP: 19/19 MP: 1/1
   223 | D:1      | Found a faded altar of an unknown god.
   224 | D:1      | Quit the game

Illustrated notes

Levels and vault maps discovered:
D:1:      sevenhm_arrival_forest_fort_small_4, layout_basic,
          ebering_ecumenical_altar_sacrificial, minmay_misc_feat_rows

Action                   || total
-------------------------++-------
 Fire: Hand crossbow     ||     6

Table legend: (Time is in decaauts)
 A = Elapsed time spent in this place.
 B = Non-inter-level travel time spent in this place.
 C = Inter-level travel time spent in this place.
 D = Time resting spent in this place.
 E = Time spent auto-exploring this place.
 F = Levels seen in this place.
 G = Mean time per level.
                   A        B        C        D        E       F      G
               +--------+--------+--------+--------+--------+-----+--------+
         Total |    317 |    317 |      0 |      0 |    294 |   1 |  317.0 |
       Dungeon |    317 |    317 |      0 |      0 |    294 |   1 |  317.0 |
               +--------+--------+--------+--------+--------+-----+--------+

Top non-repeatable levels by time:
     D:1: 317 daAuts
